 Dungeon Crawl Stone Soup version 0.29-a0-207-gf982a884d8 (webtiles) character file.

Game seed: 6158495332027769595

44 cyrus the Shield-Bearer (level 3, 0/33 HPs)
             Began as a Hill Orc Fighter on Feb 24, 2022.
             Asphyxiated
             ... on level 2 of the Dungeon.
             The game lasted 00:02:12 (1427 turns).

cyrus the Shield-Bearer (Hill Orc Fighter)          Turns: 1427, Time: 00:02:13

Health: 0/33       AC: 11    Str: 18    XL:     3   Next: 62%
Magic:  3/3        EV:  6    Int: 10    God:
Gold:   92         SH:  4    Dex: 10    Spells: 2/2 levels left

rFire   . . .      SeeInvis .   a - +0 war axe
rCold   . . .      Faith    .   c - +0 buckler
rNeg    . . .      Spirit   .   j - +0 chain mail
rPois   .          Reflect  .   m - +0 helmet
rElec   .          Harm     .   (no cloak)
rCorr   .          Rampage  .   (no gloves)
Will    .....                   l - +0 pair of boots
Stlth   ..........              (no amulet)
HPRegen 0.11/turn               (no ring)
MPRegen 0.08/turn               (no ring)

@: lethally poisoned (0 -> -20), slowed, very slow
A: no striking features
a: no special abilities


You were on level 2 of the Dungeon.
You visited 1 branch of the dungeon, and saw 2 of its levels.

You collected 92 gold pieces.

Inventory:

Hand Weapons
 a - a +0 war axe (weapon)
Armour
 b - a +0 scale mail
 c - a +0 buckler (worn)
 j - a +0 chain mail (worn)
 l - a +0 pair of boots (worn)
 m - a +0 helmet (worn)
Scrolls
 f - a scroll of acquirement {unknown}
 g - 2 scrolls of identify {unknown}
 h - 2 scrolls of teleportation {unknown}
 i - a scroll of torment {unknown}
 n - a scroll of noise {unknown}
Potions
 d - a potion of might
 e - 2 potions of curing {unknown}
 k - a potion of attraction {unknown}
 o - a potion of brilliance {unknown}


   Skills:
 + Level 3.9 Fighting
 + Level 3.3 Axes
 + Level 3.7 Armour
 + Level 0.2 Dodging
 + Level 0.1 Stealth
 + Level 4.0 Shields


You had 2 spell levels left.
You didn't know any spells.
Your spell library was empty.

Dungeon Overview and Level Annotations

Branches:
Dungeon (2/15)

Altars:
Uskayaw


Message History

You feel yourself speed up.
You start waiting.
Uskayaw booms out: "Revellers, it's time to dance!"
You start waiting.
You hear a shout!
Uskayaw booms out: "Revellers, it's time to dance!"
A worm comes into view.
A worm is nearby!
The worm bites you but does no damage.
Uskayaw drives the worm into a dance frenzy!
The worm goes berserk!
The worm bites you.
You slash the worm!
The worm is heavily wounded.
You block the worm's attack.
You slash the worm!
The worm is severely wounded.
The worm bites you!
You hit the worm.
The worm is almost dead.
You block the worm's attack.
You hit the worm.
You kill the worm!
You see here a worm corpse.
You start resting.
A kobold comes into view.
It is wielding a +0 short sword, wearing the +1 ring mail "Bopa Ong" {rC+ Str+2 Dex+2} and quivering curare-tipped darts.
A kobold is nearby!
A kobold is nearby!
The kobold throws a curare-tipped dart.
The curare-tipped dart hits you.
You are poisoned.
You have difficulty breathing.
You feel yourself slow down.
* * * LOW HITPOINT WARNING * * *
You feel very sick.
The kobold throws a curare-tipped dart.
You block the curare-tipped dart.
* * * LOW HITPOINT WARNING * * *
You feel very sick.
The kobold throws a curare-tipped dart.
The curare-tipped dart hits you.
You are more poisoned.
You have difficulty breathing.
You die...

.#. #.# #.# #.. #.# ###
#.# #.# # # #.# .#
#.###†##.#####
###...........K.
........@############
########............#####
############......
#######


You could see a kobold.

Vanquished Creatures
  An adder (D:2)
  A worm (D:2)
  2 dart slugs (D:1)
  4 ball pythons
  4 bats (D:1)
  2 giant cockroaches (D:1)
  3 jackals (D:1)
  3 quokkas (D:1)
  2 frilled lizards (D:1)
  2 goblins (D:1)
  A kobold (D:1)
  A rat (D:1)
26 creatures vanquished.

Vanquished Creatures (others)
  5 demonic plants (D:1)
  2 withered plants (D:1)
7 creatures vanquished.

Grand Total: 33 creatures vanquished

Notes
Turn   | Place    | Note
-------+----------+-------------------------------------------
     0 | D:1      | cyrus the Hill Orc Fighter began the quest for the Orb.
     0 | D:1      | Reached XP level 1. HP: 19/19 MP: 1/1
   428 | D:1      | Reached XP level 2. HP: 27/27 MP: 2/2
   512 | D:1      | Found a faded altar of an unknown god.
   560 | D:1      | Prayed at the altar of an unknown god.
   560 | D:1      | Became a worshipper of Uskayaw the Reveller
   560 | D:1      | Reached * piety under Uskayaw
   650 | D:1      | Fell from the grace of Uskayaw
   882 | D:1      | Reached XP level 3. HP: 27/33 MP: 3/3
  1329 | D:2      | Reached skill level 4 in Shields
  1424 | D:2      | Identified the +1 ring mail "Bopa Ong" {rC+ Str+2 Dex+2}
  1427 | D:2      | Asphyxiated

Illustrated notes

Levels and vault maps discovered:
D:1:      mushboom_english_gardens, layout_loops_corners,
          shapermc_ecumenical_altar_gd, minmay_nonomino_d4
D:2:      layout_loops_ring, uniq_natasha

Skill      XL: |  1  2  3 |
---------------+----------+-----
Axes           | 3 |  3.3
Shields        | 4 |  4.0
Fighting       | |  3.9
Armour         | |  3.7
Dodging        | |  0.2
Stealth        | |  0.1

Action                   || total
-------------------------++-------
Melee: War axe           ||    78
Invok: Renounce Religion ||     1
Armor: Scale mail        ||    18
       Chain mail        ||    61
Dodge: Dodged            ||    44
Block: Buckler           ||    26

Table legend: (Time is in decaauts)
 A = Elapsed time spent in this place.
 B = Non-inter-level travel time spent in this place.
 C = Inter-level travel time spent in this place.
 D = Time resting spent in this place.
 E = Time spent auto-exploring this place.
 F = Levels seen in this place.
 G = Mean time per level.
                   A        B        C        D        E       F      G
               +--------+--------+--------+--------+--------+-----+--------+
         Total |   1459 |   1410 |     49 |    135 |    981 |   2 |  729.5 |
       Dungeon |   1459 |   1410 |     49 |    135 |    981 |   2 |  729.5 |
               +--------+--------+--------+--------+--------+-----+--------+

Top non-repeatable levels by time:
     D:1: 1253 daAuts
     D:2: 206 daAuts
